 Dungeon Crawl Stone Soup version 0.28-a0-804-g60983d4ba9 (webtiles) character file.

Game seed: 11510114863327871882

23 lawman0 the Grasshopper (level 2, 16/23 HPs)
             Began as a Barachi Warper on Nov 7, 2021.
             Was an Initiate of Ashenzari.
             Quit the game on level 1 of the Dungeon.
             The game lasted 00:00:47 (1276 turns).

lawman0 the Grasshopper (Barachi Warper)            Turns: 1276, Time: 00:00:47

Health: 16/23      AC:  3    Str: 12    XL:     2   Next: 95%
Magic:  5/5        EV: 11    Int: 13    God:    Ashenzari [......]
Gold:   57         SH:  0    Dex: 11    Spells: 5/5 levels left

rFire   . . .      SeeInvis .   a - +0 falchion
rCold   . . .      Faith    .   (no shield)
rNeg    . . .      Spirit   .   b - +0 leather armour
rPois   .          Reflect  .   (no helmet)
rElec   .          Harm     .   (no cloak)
rCorr   .          Rampage  .   (no gloves)
Will    .....                   (no boots)
Stlth   +.........              (no amulet)
HPRegen 0.07/turn               (no ring)
MPRegen 0.09/turn               (no ring)

@: slow
A: amphibious, slowness 1, strong legs 1, +LOS
a: Hop, Renounce Religion


You were on level 1 of the Dungeon.
You worshipped Ashenzari.
Ashenzari was noncommittal.
You visited 1 branch of the dungeon, and saw 1 of its levels.

You collected 57 gold pieces.

Inventory:

Hand Weapons
 a - a +0 falchion (weapon)
Missiles
 d - 5 boomerangs of dispersal
 i - 6 javelins (quivered)
Armour
 b - a +0 leather armour (worn)
Scrolls
 c - a scroll of blinking
 g - 2 scrolls of enchant weapon {unknown}
 h - a scroll of identify {unknown}
Potions
 e - a potion of mutation {unknown}
 f - a potion of attraction {unknown}


   Skills:
 + Level 2.4 Fighting
 * Level 2.9 Long Blades
 + Level 1.1 Throwing
 + Level 1.3 Armour
 + Level 2.4 Dodging
 + Level 0.2 Stealth
 + Level 2.3 Spellcasting
 * Level 3.8 Translocations


You had 5 spell levels left.
You didn't know any spells.
Your spell library contained the following spells:

 Spells                   Type           Power      Damage    Failure   Level
 Blink                    Tloc           22%        N/A       10%         2
 Gell's Gravitas          Tloc           11%        N/A       21%         3
 Lesser Beckoning         Tloc           11%        N/A       21%         3
 Teleport Other           Tloc           11%        N/A       21%         3
 Manifold Assault         Tloc           11%        N/A       88%         5


Dungeon Overview and Level Annotations

Branches:
Dungeon (1/15)

Altars:
Ashenzari


Innate Abilities, Weirdness & Mutations

You are amphibious.
You cover ground slowly.
You can hop short distances.
You have an extended range of vision and can be seen from far away.


Message History

You closely miss the rat. The rat barely misses you.
A rat is nearby!
You hit the rat.
You kill the rat!
You see here a rat corpse.
There is an open door here.
You open the large door.
There is a large open door here.
There is a large open door here.
Found a faded altar of an unknown god.
No target in view!
Found a stone staircase leading down.
No target in view!
A goblin comes into view. It is wielding a +0 club.
The goblin shouts!
A goblin comes into view. It is wielding a +2 vampiric dagger.
A rat comes into view.
A hobgoblin comes into view.
There are monsters nearby!
The goblin shouts!
A dart slug comes into view.
The rat barely misses you.
There is a faded altar of an unknown god here.
You cannot tell which god this altar belongs to.
Convert to them anyway?
Okay, then.
You cannot tell which god this altar belongs to.
Convert to them anyway?
Ashenzari accepts your prayer! Ashenzari welcomes you!
Ashenzari warns you of distant threats and treasures.
Ashenzari reveals the structure of the dungeon to you.
Ashenzari shows you where magical portals lie.
The rat bites you but does no damage. The goblin hits you with a +0 club.
The goblin hits you but does no damage. The goblin hits you with a +0 club.
The rat misses you. The goblin closely misses you.
The rat bites you but does no damage. The goblin hits you with a +0 club.
The rat bites you.
Are you sure you want to abandon this character and quit the game? (Confirm with "yes".)
Okay, then.
Okay, then.
Are you sure you want to abandon this character and quit the game? (Confirm with "yes".)

## ###.# #......# .# #...#
#....... .# ##########...#
...8... .# #........#...#
###...... .# #........#####
#8.....8. ##
##...........########..._....
#.....'#####.##.....w....8.8.
#..÷..'### #.##.............#
#........# #@rgg.......8.8.>#
#........# ####g........#####
###........# #.........#
#........### #######...### ##
#........# #.#####..## ###.
###.#......# ##.....########...
#.#.#......# ##.........≈..##..#
#.#.#......####..#....≈.≈≈≈.≈≈...
#P#.##+#'#...##.###..≈≈≈≈≈.≈≈.≈..


You could see a dart slug, a hobgoblin, 2 goblins and a rat.

Vanquished Creatures
  A bat (D:1)
  An endoplasm (D:1)
  4 goblins (D:1)
  A hobgoblin (D:1)
  4 jackals (D:1)
  A kobold (D:1)
  A ball python (D:1)
  2 frilled lizards (D:1)
  6 rats (D:1)
21 creatures vanquished.

Notes
Turn   | Place    | Note
-------+----------+-------------------------------------------
     0 | D:1      | lawman0 the Barachi Warper began the quest for the Orb.
     0 | D:1      | Reached XP level 1. HP: 17/17 MP: 3/3
   331 | D:1      | Reached XP level 2. HP: 22/23 MP: 5/5
  1254 | D:1      | Found a faded altar of an unknown god.
  1263 | D:1      | Prayed at the altar of an unknown god.
  1263 | D:1      | Became a worshipper of Ashenzari the Shackled
  1276 | D:1      | Quit the game

Illustrated notes

Levels and vault maps discovered:
D:1:      dpeg_arrival_subterranean_lakeside_camping, layout_basic,
          serial_aquarium, aquarium_bridge_square [aquarium_subvault_window,
          aquarium_subvault_wall, aquarium_subvault_balcony,
          aquarium_subvault_bridge], aquarium_window_2,
          aquarium_window_corridor_2, aquarium_window_1, aquarium_view_2c,
          aquarium_balcony_3a, aquarium_pool_corner,
          ebering_ecumenical_altar_ruins

Action                   || total
-------------------------++-------
Melee: Falchion          ||    64
Armor: Leather armour    ||    20
Dodge: Dodged            ||    39

Table legend: (Time is in decaauts)
 A = Elapsed time spent in this place.
 B = Non-inter-level travel time spent in this place.
 C = Inter-level travel time spent in this place.
 D = Time resting spent in this place.
 E = Time spent auto-exploring this place.
 F = Levels seen in this place.
 G = Mean time per level.
                   A        B        C        D        E       F      G
               +--------+--------+--------+--------+--------+-----+--------+
         Total |   1393 |   1373 |     20 |      0 |   1195 |   1 | 1393.0 |
       Dungeon |   1393 |   1373 |     20 |      0 |   1195 |   1 | 1393.0 |
               +--------+--------+--------+--------+--------+-----+--------+

Top non-repeatable levels by time:
     D:1: 1393 daAuts
